Map: Crimson Court LE

Players

ManlyManMeat - Winner!

  • Race: Zerg Zerg
  • Spawn Location: 1:00

VOD

Have the link to the VOD?

Description

Time

  • Played on: Sept. 9, 2024, 2 p.m.
  • Length: 12:00
Show
View Real Time Build Order
Export as new Build Order

ManlyManMeat Zerg - Winner!

Build Orders:  

Get SALT Encoding   

  12  0:04  Drone  
  13  0:17  Drone  
  14  0:51  Hatchery  
  14  0:57  Drone  
  14  1:06  Overlord  
  14  1:33  Drone  
  14  1:34  Drone  
  16  1:44  Spawning Pool  
  16  1:45  Extractor  
  16  1:46  Drone  
  15  1:54  Drone  
  16  2:05  Drone  
  17  2:33  Drone  
  18  2:43  Drone  
  18  2:44  Drone  
  20  2:52  Queen  
  20  2:53  Queen  
  24  3:09  Drone x2  
  20  3:10  Drone x2  
  28  3:26  Overlord  
  28  4:00  Drone  
  28  4:01  Drone x4  
  33  4:10  Metabolic Boost  
  33  4:28  Drone x3  
  36  4:43  Hatchery  
  35  4:52  Drone  
  35  4:59  Overlord  
  36  5:00  Overlord  
  36  5:01  Overlord  
  36  5:05  Overlord  
  36  5:24  Queen x2  
  40  5:32  Drone x5  
  45  6:02  Overlord  
  45  6:03  Overlord  
  45  6:06  Zergling x6  
  45  6:07  Zergling x8  
  52  6:50  Zergling x14  
  59  7:20  Baneling Nest  
  59  7:24  Drone  
  59  7:25  Drone x2  
  61  7:33  Drone x6  
  67  8:03  Overlord  
  67  8:04  Overlord  
  67  8:06  Zergling x12  
  73  8:14  Evolution Chamber  
  72  8:20  Evolution Chamber, Drone  
  72  8:24  Extractor  
  72  8:27  Extractor  
  70  8:31  Extractor  
  68  8:45  Zergling x24  
  80  9:07  Baneling x2  
  80  9:08  Baneling x5  
  80  9:09  Baneling x5  
  80  9:10  Baneling x6  
  80  9:15  Overlord x2  
  80  9:43  Zergling x26  
  93  10:34  Drone x4  
  93  10:35  Drone x2  
  99  10:40  Drone x3  
  99  10:41  Drone x5  
  107  11:03  Zergling x2  
  107  11:04  Zergling x12  
  114  11:24  Unknown  
  106  11:40  Hatchery  
  106  11:42  Hatchery x2  
Tags
 
Matchup
Co-op
Replay Pack
ee
Add a new tag
Caveats
  • Supply blocks, unpowered buildings, or Contaminate may cause inaccurate times.
  • Supply counts are checked every 10 seconds.